 Dungeon Crawl Stone Soup version 0.30.0-29-ga12c61a403 (webtiles) character file.

Game seed: 5150517646802384317

216 qw the Chopper (level 5, -5/32 HPs)
             Began as a Gargoyle Fighter on June 3, 2023.
             Killed from afar by a white imp (10 damage)
             ... with a puff of frost
             ... summoned by Eustachio
             ... on level 4 of the Dungeon.
             The game lasted 00:01:13 (2707 turns).

qw the Chopper (Gargoyle Fighter)                   Turns: 2707, Time: 00:01:13

Health: -5/32      AC: 21    Str: 21    XL:     5   Next: 93%
Magic:  5/5        EV:  7    Int:  9    God:
Gold:   173        SH:  4    Dex:  9    Spells: 4/4 levels left

rFire   . . .        Y - +0 war axe (protect)
rCold   . . .        c - +0 buckler
rNeg    + . .        e - +0 chain mail
rPois   inf          i - +1 hat
rElec   +            (no cloak)
rCorr   .            (no gloves)
SInv    +            (no boots)
Will    .....        (no amulet) Stlth
                     a - ring of see invisible
HPRegen 0.25/turn    (no ring)
MPRegen 0.09/turn

%: no passive effects
@: about to teleport, under a protective aura
A: sickness immunity, AC +4, negative energy resistance 1, electricity
resistance, torment resistance 1, petrification resistance
a: no special abilities


You were on level 4 of the Dungeon.
You visited 1 branch of the dungeon, and saw 4 of its levels.

You collected 173 gold pieces.


Innate Abilities, Weirdness & Mutations

You are immune to sickness and miasma.
Your stone body is resilient. (AC +4)
You are immune to poison.
You resist negative energy. (rN+)
You are resistant to electric shocks. (rElec)
You are resistant to unholy torment.
You are immune to petrification.


   Skills:
 + Level 3.2 Fighting
 - Level 5.2 Axes
 - Level 1.2 Throwing
 - Level 3.2 Armour
 - Level 3.2 Shields


You had 4 spell levels left.
You didn't know any spells.
Your spell library was empty.

Inventory:

Hand Weapons
 n - a +2 vampiric whip
 Y - a +0 war axe of protection (weapon)
Missiles
 j - 3 silver boomerangs (quivered)
Armour
 c - a +0 buckler (worn)
 e - a +0 chain mail (worn)
 i - a +1 hat (worn)
 m - a +0 helmet
Jewellery
 a - a ring of see invisible (left hand)
 f - an amulet of the acrobat
Potions
 b - a potion of cancellation {unknown}
 d - a potion of might
 h - a potion of invisibility {unknown}
 k - 2 potions of flight {unknown}
 l - a potion of curing {unknown}

Dungeon Overview and Level Annotations

Branches:
Dungeon (4/15)
 Temple: D:4-7

Altars:

Annotations:
D:2 1 runed translucent door, Crazy Yiuf
D:4 Eustachio


Message History

The iguana is severely wounded.
You completely miss Eustachio. You hit the river rat.
The river rat bites you but does no damage.
Eustachio hits you with a +0 rapier. The iguana barely misses you.
The river rat bites you.
You hit the iguana.
The iguana is almost dead.
You barely miss the rat. You hit the river rat. You slash the rat!
You kill the rat!
The rat's corpse disappears in a puff of smoke!
You barely miss Eustachio. The iguana bites you! Eustachio barely misses you.
The rat closely misses you.
The river rat bites you but does no damage.
2705 ||| READING scroll of teleportation.
As you read the scroll of teleportation, it crumbles to dust.
You feel strangely unstable.
The iguana bites you but does no damage.
Eustachio gestures wildly while chanting.
The rat bites you but does no damage.
The river rat bites you but does no damage.
You hit the iguana but do no damage.
The iguana is almost dead.
You slash the rat!
You kill the rat!
The rat's corpse disappears in a puff of smoke!
You closely miss the river rat. You slash Eustachio!
You block Eustachio's attack. The iguana barely misses you.
The river rat bites you but does no damage.
You hit the iguana but do no damage.
The iguana is almost dead.
You closely miss Eustachio. You slash the river rat!
You kill the river rat!
The river rat's corpse disappears in a puff of smoke!
You hit the white imp but do no damage. Eustachio hits you with a +0 rapier.
The iguana completely misses you.
The ufetubus hits you but does no damage.
The ufetubus barely misses you. The white imp gestures at you.
The puff of frost hits you!
You die...

##### #....
########....
.......#....
....##......
####### #.........
#.....# #####.....
#¤l...#######.....
#@5...##..........
#5@5.....#........
#r.........#######
#.....###### #..
#.....# #..
#......... #.#
#...=......# #
............# #
..l..........# #.#


You could see Eustachio, an iguana, a white imp (summoned), a shadow imp
(summoned), an ufetubus (summoned) and a quokka (summoned).

Vanquished Creatures
  A phantom (D:4)
  2 hounds (D:4)
  An adder (D:3)
  A river rat (D:3)
  A worm (D:3)
  3 ball pythons
  3 bats
  4 endoplasms
  4 giant cockroaches
  5 goblins
  8 hobgoblins
  10 jackals
  2 quokkas
  A frilled lizard (D:2)
  7 kobolds
  4 rats
57 creatures vanquished.

Notes
Turn   | Place    | Note
-------+----------+-------------------------------------------
     0 | D:1      | qw the Gargoyle Fighter began the quest for the Orb.
     0 | D:1      | Reached XP level 1. HP: 14/14 MP: 1/1
     0 | D:1      | 0 ||| qw: Version: 0.2-a-103-g3a7daa1
     0 | D:1      | 0 ||| qw: Game counter: 961
     0 | D:1      | 0 ||| qw: Always use a shield: true
     0 | D:1      | 0 ||| qw: God list: Okawaru
     0 | D:1      | 0 ||| qw: Allow faded altars: false
     0 | D:1      | 0 ||| qw: Do Orc after D:15 true
     0 | D:1      | 0 ||| qw: Do second Lair branch before Depths: true
     0 | D:1      | 0 ||| qw: Lair rune preference: random
     0 | D:1      | 0 ||| qw: Plans: Normal, Zot:1-4, Slime:5, God:TSO, Crypt,
                  | Tomb, Pan, Hells, Abyss, Win
     0 | D:1      | 0 ||| PLANNING D:1-11
   122 | D:1      | Reached skill level 2 in Axes
   215 | D:1      | Reached XP level 2. HP: 19/19 MP: 2/2
   535 | D:1      | 535 ||| READING scroll labelled GEIW GIOLET.
   753 | D:2      | 753 ||| Stepping ~*~*~tactically~*~*~ (hiding).
   915 | D:2      | Reached skill level 3 in Axes
   929 | D:2      | Reached XP level 3. HP: 23/23 MP: 3/3
  1078 | D:2      | Found a runed translucent door.
  1079 | D:2      | Noticed Crazy Yiuf
  1402 | D:2      | 1402 ||| UPGRADING to +0 chain mail.
  1412 | D:2      | 1412 ||| DROPPING +0 scale mail.
  1413 | D:2      | 1413 ||| UPGRADING to +1 hat.
  1418 | D:2      | 1418 ||| UPGRADING to ring of see invisible.
  1419 | D:2      | 1419 ||| READING 2 scrolls labelled KOEWKUEWORGH.
  1420 | D:2      | 1420 ||| DRINKING 3 ruby potions.
  1429 | D:2      | 1429 ||| DROPPING 2 potions of ambrosia.
  1430 | D:2      | 1430 ||| DROPPING scroll of fog.
  1455 | D:3      | 1455 ||| PLANNING SEWER
  1904 | D:3      | 1904 ||| Stepping ~*~*~tactically~*~*~ (stealth).
  1918 | D:3      | 1918 ||| Stepping ~*~*~tactically~*~*~ (stealth).
  1973 | D:3      | 1973 ||| Stepping ~*~*~tactically~*~*~ (stealth).
  2025 | D:3      | Reached XP level 4. HP: 28/28 MP: 4/4
  2065 | D:3      | 2065 ||| RIP SEWER
  2153 | D:3      | 2153 ||| PLANNING D:1-11
  2155 | D:3      | 2155 ||| Stepping ~*~*~tactically~*~*~ (stealth).
  2201 | D:3      | HP: 7/28 [river rat (7)]
  2202 | D:3      | 2202 ||| READING 2 scrolls of teleportation.
  2202 | D:3      | HP: 3/28 [worm (4)]
  2206 | D:3      | Reached skill level 4 in Axes
  2391 | D:3      | 2391 ||| READING scroll labelled LAQUES BOTOZER.
  2476 | D:4      | 2476 ||| DROPPING +0 whip.
  2489 | D:4      | Noticed a phantom
  2509 | D:4      | Killed a phantom
  2510 | D:4      | Reached XP level 5. HP: 27/32 MP: 5/5
  2531 | D:4      | 2531 ||| Stepping ~*~*~tactically~*~*~ (hiding).
  2532 | D:4      | 2532 ||| Stepping ~*~*~tactically~*~*~ (hiding).
  2546 | D:4      | 2546 ||| Stepping ~*~*~tactically~*~*~ (stealth).
  2581 | D:4      | Reached skill level 5 in Axes
  2624 | D:4      | Reached skill level 1 in Throwing
  2684 | D:4      | Noticed Eustachio
  2685 | D:4      | 2685 ||| Stepping ~*~*~tactically~*~*~ (stealth).
  2686 | D:4      | 2686 ||| Stepping ~*~*~tactically~*~*~ (stealth).
  2688 | D:4      | 2688 ||| Stepping ~*~*~tactically~*~*~ (stealth).
  2704 | D:4      | HP: 6/32 [iguana (9)]
  2705 | D:4      | 2705 ||| READING scroll of teleportation.
  2707 | D:4      | Killed from afar by a white imp

Levels and vault maps discovered:
D:1:      co_arrival_random_square_maze, layout_rooms
D:2:      layout_loops_ring, dreamdust_princess_bridge, minmay_3d_cube,
          uniq_crazy_yiuf_cottage
D:3:      layout_loops_cross, gup_sewer_entry_bubbles
D:4:      corexii_shack_village, layout_rooms, bloody_trog, tso_altar,
          uniq_eustachio

Skill      XL: |  1  2  3  4  5 |
---------------+----------------+-----
Axes           | 2 3 4 5 |  5.2
Throwing       | 1 |  1.2
Fighting       | |  3.2
Armour         | |  3.2
Shields        | |  3.2

Action                     |  1- 3 |  4- 6 || total
---------------------------+-------+-------++-------
  Melee: War axe           |   122 |    94 ||   216
  Throw: Boomerang         |     2 |    13 ||    15
    Use: Scroll            |     2 |     3 ||     5
         Potion            |     1 |       ||     1
 Armour: Scale mail        |    34 |       ||    34
         Chain mail        |    37 |    93 ||   130
  Dodge: Dodged            |    48 |    43 ||    91
  Block: Buckler           |    17 |    25 ||    42

Table legend:
 A = Non-vault XP
 B = Vault XP
 C = Vault XP percentage of total XP
 D = Non-vault monster count
 E = Vault monster count
 F = Vault count percentage of total count
                 A         B        C        D         E       F
            +---------+---------+-------+---------+---------+-------
      Total |     278 |      31 |  10.0 |      47 |      10 |  17.5
            +---------+---------+-------+---------+---------+-------
        D:1 |      13 |       0 |   0.0 |       7 |       0 |   0.0
        D:2 |      24 |       7 |  22.6 |      13 |       4 |  23.5
        D:3 |      48 |      24 |  33.3 |      20 |       6 |  23.1
        D:4 |     193 |       0 |   0.0 |       7 |       0 |   0.0
            +---------+---------+-------+---------+---------+-------
